 Dungeon Sprint DCSS version 0.29-a0-356-g7bc237e783 (webtiles) character file.

Game seed: 608651541038676947

962 Zeldest the Basher (level 7, -3/77 (78) HPs)
             Began as a Troll Monk on Apr 25, 2022.
             Was a Priest of Makhleb.
             Slain by a two-headed ogre
             ... wielding a +0 giant club
              (14 damage)
             ... in the Dungeon (Sprint IX: "|||||||||||||||||||||||||||||").
             The game lasted 00:01:46 (166 turns).

Zeldest the Basher (Troll Monk)                      Turns: 166, Time: 00:01:47

HP:   -3/77 (78)    AC:  9    Str: 22    XL:     7   Next: 92%
MP:   9/9           EV: 14    Int:  6    God:    Makhleb [***...]
Gold: 0             SH:  0    Dex: 15    Spells: 6/6 levels left

rFire   . . .      SeeInvis .   l - +2 morningstar (vorpal)
rCold   . . .      Faith    .   (no shield)
rNeg    . . .      Spirit   .   h - +0 acid dragon scales
rPois   .          Reflect  .   (helmet restricted)
rElec   .          Harm     .   (no cloak)
rCorr   +          Rampage  .   (gloves unavailable)
Will    .....      NoTele   +   (boots unavailable)
Stlth   ++........              (no amulet)
HPRegen 1.02/turn               m - +2 ring of evasion
MPRegen 0.11/turn               n - +3 ring of dexterity

@: lightly drained
A: large, unfitting armour, claws 3, regeneration 1, shaggy fur 1, tough skin 1
a: Renounce Religion, Minor Destruction, Lesser Servant of Makhleb


You were in the Dungeon.
You worshipped Makhleb.
Makhleb was most pleased with you.
You visited 1 branch

Inventory:

Hand Weapons
 a - a +0 mace
 l - a +2 vorpal morningstar (weapon)
Armour
 b - a +0 robe
 h - +0 acid dragon scales (worn)
Jewellery
 m - a +2 ring of evasion (left claw)
 n - a +3 ring of dexterity (right claw)
Wands
 k - a wand of acid (4)
Scrolls
 i - 2 scrolls of blinking
 j - 2 scrolls of amnesia
Potions
 c - a potion of ambrosia
 d - 5 potions of curing
 e - a potion of heal wounds
 f - a potion of haste
 g - 4 potions of magic


   Skills:
 + Level 7.4 Fighting
 + Level 8.1 Maces & Flails
 + Level 4.2 Armour
 + Level 7.4 Dodging
 - Level 4.0 Stealth
 + Level 4.6 Invocations


You had 6 spell levels left.
You didn't know any spells.
Your spell library was empty.

Dungeon Overview and Level Annotations

Branches:
Dungeon (1/1)

Altars:
Cheibriados
Dithmenos
Elyvilon
Fedhas
Gozag
Hepliaklqana
Kikubaaqudgha
Makhleb
Nemelex Xobeh
Okawaru
Qazlal
Ru
Sif Muna
Trog
Uskayaw
Vehumet
Wu Jian
Xom
Yredelemnul
Zin
The Shining One
Beogh
Jiyva
Lugonu


Innate Abilities, Weirdness & Mutations

You are too large for most types of armour.
You have claws for hands.
Your natural rate of healing is unusually fast.
You are covered in fur. (AC +1)
You have tough skin. (AC +1)


Message History

Aiming: Corrosive Bolt
Press: ? - help, Shift-Dir - straight line, f/p - two-headed ogre
Aim: a two-headed ogre, wielding a +0 giant club and a +0 giant spiked club (heavily wounded, covered in acid, 86% to hit)
The bolt of acid hits the two-headed ogre!
The two-headed ogre seems to be corroded for longer.
The two-headed ogre is severely wounded.
The bolt of acid hits the five-headed hydra!
The five-headed hydra is heavily wounded.
The bolt of acid hits the centaur warrior!
The centaur warrior seems to be corroded for longer.
The centaur warrior is heavily wounded.
The bolt of acid hits the centaur warrior!
The centaur warrior seems to be corroded for longer.
The centaur warrior is moderately wounded.
The bolt of acid hits the deep elf pyromancer!
The deep elf pyromancer seems to be corroded for longer.
The deep elf pyromancer is heavily wounded.
The two-headed ogre hits you with a +0 giant club!!
The two-headed ogre hits you with a +0 giant spiked club!!
* * * LOW HITPOINT WARNING * * *
Aiming: Corrosive Bolt
Press: ? - help, Shift-Dir - straight line, f/p - two-headed ogre
Aim: a two-headed ogre, wielding a +0 giant club and a +0 giant spiked club (heavily wounded, covered in acid, 86% to hit)
The bolt of acid hits the two-headed ogre!
The two-headed ogre seems to be corroded for longer.
The two-headed ogre is almost dead.
The bolt of acid hits the five-headed hydra!
The five-headed hydra seems to be corroded for longer.
The five-headed hydra is heavily wounded.
The bolt of acid hits the centaur warrior!
The centaur warrior is severely wounded.
The bolt of acid hits the centaur warrior!!
The centaur warrior is severely wounded.
The bolt of acid hits the deep elf pyromancer!
The deep elf pyromancer seems to be corroded for longer.
The deep elf pyromancer is severely wounded.
The deep elf pyromancer mumbles some strange words.
The two-headed ogre barely misses you.
The two-headed ogre hits you with a +0 giant spiked club!
You die...

▓E▓
▓B▓
▓e▓
▓c▓
▓c▓
▓D▓
▓O▓
▓@▓
▓)▓
▓.▓
▓.▓
▓)▓
▓)▓
▓'▓
▓.▓
▓.▓


You could see a boulder beetle, a five-headed hydra (corroded), 2 centaur
warriors, a two-headed ogre (corroded), a deep elf pyromancer (corroded) and a
fire elemental (summoned).

Vanquished Creatures
  A kobold demonologist (D)
  A yak (D)
  An acid dragon (D)
  2 black bears (D)
  A kobold brigand (D)
  A gnoll sergeant (D)
  A scorpion (D)
  A wight (D)
  A hound (D)
  An adder (D)
  A ball python (D)
  2 bats (D)
  2 frilled lizards (D)
16 creatures vanquished.

Notes
Turn   | Place    | Note
-------+----------+-------------------------------------------
     0 | D        | Zeldest the Troll Monk began the quest for the Orb.
     0 | D        | Reached XP level 1. HP: 22/22 MP: 0/0
    16 | D        | Reached skill level 3 in Maces & Flails
    27 | D        | Noticed a black bear
    27 | D        | Noticed a hound
    27 | D        | Noticed a scorpion
    27 | D        | Noticed a black bear
    33 | D        | Killed a black bear
    34 | D        | Reached skill level 4 in Maces & Flails
    34 | D        | Reached XP level 2. HP: 33/33 MP: 1/1
    34 | D        | Reached XP level 3. HP: 40/40 MP: 2/2
    34 | D        | Reached XP level 4. HP: 49/49 MP: 3/3
    38 | D        | Killed a scorpion
    39 | D        | Reached skill level 5 in Maces & Flails
    39 | D        | Reached XP level 5. HP: 55/55 MP: 4/4
    42 | D        | Reached skill level 5 in Fighting
    42 | D        | Reached skill level 5 in Dodging
    49 | D        | Killed a black bear
    50 | D        | Reached skill level 6 in Maces & Flails
    50 | D        | Reached XP level 6. HP: 37/67 MP: 5/5
    63 | D        | Found a snail-covered altar of Cheibriados.
    63 | D        | Found a shadowy altar of Dithmenos.
    63 | D        | Found a white marble altar of Elyvilon.
    63 | D        | Found a blossoming altar of Fedhas.
    63 | D        | Found an opulent altar of Gozag.
    64 | D        | Found a hazy altar of Hepliaklqana.
    65 | D        | Found a viscous altar of Jiyva.
    66 | D        | Found an ancient bone altar of Kikubaaqudgha.
    67 | D        | Found a corrupted altar of Lugonu.
    68 | D        | Found a burning altar of Makhleb.
    69 | D        | Found a sparkling altar of Nemelex Xobeh.
    70 | D        | Found an iron altar of Okawaru.
    71 | D        | Found a stormy altar of Qazlal.
    72 | D        | Found a sacrificial altar of Ru.
    73 | D        | Found a shimmering blue altar of Sif Muna.
    74 | D        | Found a bloodstained altar of Trog.
    75 | D        | Found a hide-covered altar of Uskayaw.
    76 | D        | Became a worshipper of Makhleb the Destroyer
    76 | D        | Reached * piety under Makhleb
    76 | D        | Reached ** piety under Makhleb
    77 | D        | Found a radiant altar of Vehumet.
    78 | D        | Found an ornate altar of the Wu Jian Council.
    79 | D        | Found a shimmering altar of Xom.
    80 | D        | Found a basalt altar of Yredelemnul.
    81 | D        | Found a glowing silver altar of Zin.
    82 | D        | Found a glowing golden altar of the Shining One.
   110 | D        | Noticed an acid dragon
   110 | D        | Noticed a kobold demonologist
   110 | D        | Noticed a yak
   117 | D        | Killed a yak
   118 | D        | Reached skill level 7 in Maces & Flails
   121 | D        | Killed a kobold demonologist
   122 | D        | Reached XP level 7. HP: 63/78 MP: 5/9
   124 | D        | Reached *** piety under Makhleb
   131 | D        | Reached skill level 8 in Maces & Flails
   162 | D        | Noticed a boulder beetle
   162 | D        | Noticed a deep elf pyromancer
   162 | D        | Noticed a centaur warrior
   162 | D        | Noticed a centaur warrior
   162 | D        | Noticed a five-headed hydra
   162 | D        | Noticed a two-headed ogre
   166 | D        | Slain by a two-headed ogre

Illustrated notes

Levels and vault maps discovered:
D:        linesprint [early_d, line_temple, items_1, d_10, items_2, lair_1,
          lair_end, items_3, orc_1, orc_end, items_4, d_15, swamp_1, shoals_1,
          snake_1, spider_1, d_20, vaults_1, items_5, swamp_end, shoals_end,
          snake_end, spider_end, vaults_end, d_27, items_6, zot_1, zot_end,
          crypt_end, forest_end, elf_end, slime_end, tomb_end, abyss_end,
          pan_hell_end]

Skill      XL: |  1  2  3  4  5  6  7 |
---------------+----------------------+-----
Maces & Flails | 4 5 6 7 8 |  8.1
Fighting       | 4 5 7 |  7.4
Dodging        | 4 5 7 |  7.4
Stealth        | 2 3 4 |  4.0
Armour         | 3 4 |  4.2
Invocations    | 4 |  4.6

Action                   |  1- 3 |  4- 6 |  7- 9 || total
-------------------------+-------+-------+-------++-------
Melee: Mace              |    22 |    23 |       ||    45
       Punch             |     1 |       |       ||     1
       Morningstar       |       |     8 |    12 ||    20
Evoke: Wand              |       |     2 |     4 ||     6
  Use: Potion            |     1 |     1 |     2 ||     4
 Stab: Invisible         |       |     2 |       ||     2
Armor: Robe              |    14 |    11 |       ||    25
Dodge: Dodged            |    21 |    28 |    11 ||    60

Table legend: (Time is in decaauts)
 A = Elapsed time spent in this place.
 B = Non-inter-level travel time spent in this place.
 C = Inter-level travel time spent in this place.
 D = Time resting spent in this place.
 E = Time spent auto-exploring this place.
 F = Levels seen in this place.
 G = Mean time per level.
                   A        B        C        D        E       F      G
               +--------+--------+--------+--------+--------+-----+--------+
         Total |    185 |    185 |      0 |      0 |      0 |   1 |  185.0 |
       Dungeon |    185 |    185 |      0 |      0 |      0 |   1 |  185.0 |
               +--------+--------+--------+--------+--------+-----+--------+

Top non-repeatable levels by time:
       D: 185 daAuts
